 Dungeon Crawl Stone Soup version 0.27-a0-1378-gdefffd1ff6 (webtiles) character file.

Game seed: 1397822823411951349

46 samibloodluv the Covered (level 3, -2/29 HPs)
             Began as a Human Fighter on June 29, 2021.
             Slain by a gnoll (5 damage)
             ... on level 3 of the Dungeon.
             The game lasted 00:14:52 (1039 turns).

samibloodluv the Covered (Human Fighter)            Turns: 1039, Time: 00:14:52

Health: -2/29      AC:  6    Str: 17    XL:     3   Next: 95%
Magic:  3/3        EV:  7    Int:  8    God:
Gold:   13         SH:  9    Dex: 12    Spells: 2/2 levels left

rFire    . . .     SeeInvis .   a - +0 long sword
rCold    . . .     Faith    .   c - +0 kite shield
rNeg     . . .     Spirit   .   b - +0 scale mail
rPois    .         Reflect  .   (no helmet)
rElec    .         Harm     .   (no cloak)
rCorr    .         Rampage  .   (no gloves)
Will     .....                  (no boots)
Stlth    ..........             (no amulet)
HPRegen  0.09/turn              (no ring)
MPRegen  0.08/turn              (no ring)

@: no status effects
A: no striking features
a: no special abilities


You were on level 3 of the Dungeon.
You visited 1 branch of the dungeon, and saw 3 of its levels.

You collected 13 gold pieces.

Inventory:

Hand Weapons
 a - a +0 long sword (weapon)
 e - a +0 falchion
Missiles
 g - 39 stones (quivered)
Armour
 b - a +0 scale mail (worn)
 c - a +0 kite shield (worn)
Wands
 j - a wand of iceblast (7)
Scrolls
 i - a scroll of vulnerability {unknown}
Potions
 d - 2 potions of might
 h - 2 potions of lignification {unknown}


   Skills:
 + Level 3.3 Fighting
 + Level 2.7 Long Blades
 + Level 3.4 Armour
 + Level 0.3 Dodging
 + Level 0.4 Stealth
 + Level 3.1 Shields


You had 2 spell levels left.
You didn't know any spells.
Your spell library was empty.

Dungeon Overview and Level Annotations

Branches:
Dungeon (3/15)

Altars:


Message History

Okay, then.
Okay, then.
Throw: 40 stones
Press: ? - help, Shift-Dir - straight line, f - gnoll
Aim: a gnoll, wielding a +0 spear (61% to hit)
You throw a stone.
The stone hits the gnoll but does no damage.
The gnoll closely misses you. The gnoll hits you with a +0 spear.
You barely miss the gnoll. The gnoll hits you with a +0 spear.
You block the gnoll's attack.
You see here a stone.
You block the gnoll's attack.
A gnoll comes into view. It is wielding a +0 spear.
The gnoll hits you with a +0 spear.
You see here a stone.
You hit the gnoll.
The gnoll is moderately wounded.
A gnoll comes into view. It is wielding a +0 halberd.
The gnoll hits you with a +0 spear.
You closely miss the gnoll.
The gnoll is moderately wounded.
You block the gnoll's attack. The gnoll closely misses you.
The gnoll hits you but does no damage. You block the gnoll's attack.
Your shield and scale mail prevent you from hitting the gnoll.
The gnoll is moderately wounded.
The gnoll hits you from afar with a +0 spear.
The gnoll hits you with a +0 spear!
* * * LOW HITPOINT WARNING * * *
You hit the gnoll.
The gnoll is moderately wounded.
A gnoll comes into view. It is wielding a +0 whip.
The gnoll hits you but does no damage. You block the gnoll's attack.
The gnoll hits you but does no damage. The gnoll barely misses you.
The gnoll shouts!
You hit the gnoll.
The gnoll is severely wounded.
You hear an angry hiss.
The gnoll hits you from afar with a +0 spear.
You die...

#.. #... #
###..#### .#
.......#.. .g
.........# .#
.........# .#
.........####.#
...........gg.#
........g@###.#
..........###.#
#<#...?......#
........#.#####
##.###..#.# #
#..#.# #..#.#
#..#># #..#.#


You could see 3 gnolls.

Vanquished Creatures
  3 worms (D:2)
  A dart slug (D:1)
  3 giant cockroaches (D:1)
  5 goblins (D:1)
  4 hobgoblins
  2 jackals (D:2)
  A kobold (D:2)
  3 quokkas
  3 ball pythons
  2 bats
  3 frilled lizards (D:1)
  4 rats
34 creatures vanquished.

Notes
Turn   | Place    | Note
-------+----------+-------------------------------------------
     0 | D:1      | samibloodluv the Human Fighter began the quest for the Orb.
     0 | D:1      | Reached XP level 1. HP: 18/18 MP: 1/1
   156 | D:1      | Reached XP level 2. HP: 24/24 MP: 2/2
   422 | D:1      | Reached XP level 3. HP: 20/29 MP: 3/3
  1039 | D:3      | Slain by a gnoll

Illustrated notes

Levels and vault maps discovered:
D:1:      evilmike_arrival_crescent, layout_loops_corners, nrook_campfire,
          chequers_serial_rivers_small_b, hangedman_decor_points,
          item_on_display_a
D:2:      kb_forest_paths, layout_basic, serial_shops, nicolae_square_shop,
          hellmonk_ecumenical_altar_slurped_away, uniq_sigmund, uniq_robin
D:3:      cheibrodos_pilgrimage, layout_loops_ring, uniq_terence,
          uniq_crazy_yiuf_cottage

Action                   || total
-------------------------++-------
Melee: Long sword        ||   111
Throw: Stone             ||     1
  Use: Scroll            ||     3
       Potion            ||     1
Armor: Scale mail        ||    43
Dodge: Dodged            ||    41
Block: Kite shield       ||    53
       Rpst.: Long sword ||    14

Table legend: (Time is in decaauts)
 A = Elapsed time spent in this place.
 B = Non-inter-level travel time spent in this place.
 C = Inter-level travel time spent in this place.
 D = Time resting spent in this place.
 E = Time spent auto-exploring this place.
 F = Levels seen in this place.
 G = Mean time per level.
                   A        B        C        D        E       F      G
               +--------+--------+--------+--------+--------+-----+--------+
         Total |   1098 |   1098 |      0 |      0 |      0 |   3 |  366.0 |
       Dungeon |   1098 |   1098 |      0 |      0 |      0 |   3 |  366.0 |
               +--------+--------+--------+--------+--------+-----+--------+

Top non-repeatable levels by time:
     D:1: 810 daAuts
     D:2: 265 daAuts
     D:3: 23 daAuts
